 Dungeon Crawl Stone Soup version 0.29.1-1-gd02db69 (webtiles) character file.

Game seed: 14023484205738158025

27 Tenebris the Trooper (level 3, 34/34 HPs)
             Began as a Hill Orc Fighter on Nov 30, 2022.
             Quit the game on level 1 of the Dungeon on Mar 8, 2023.
             The game lasted 00:02:09 (738 turns).

Tenebris the Trooper (Hill Orc Fighter)              Turns: 738, Time: 00:02:09

Health: 34/34      AC:  6    Str: 20    XL:     3   Next: 10%
Magic:  3/3        EV:  9    Int:  8    God:
Gold:   41         SH:  4    Dex: 10    Spells: 2/2 levels left

rFire   . . .      SeeInvis .   a - +0 war axe
rCold   . . .      Faith    .   c - +0 buckler
rNeg    . . .      Spirit   .   b - +0 scale mail
rPois   .          Reflect  .   (no helmet)
rElec   .          Harm     .   (no cloak)
rCorr   .          Rampage  .   (no gloves)
Will    .....                   (no boots)
Stlth   ..........              (no amulet)
HPRegen 0.11/turn               (no ring)
MPRegen 0.08/turn               (no ring)

@: no status effects
A: no striking features
a: no special abilities


You were on level 1 of the Dungeon.
You visited 1 branch of the dungeon, and saw 1 of its levels.

You collected 41 gold pieces.

Inventory:

Hand Weapons
 a - a +0 war axe (weapon)
Armour
 b - a +0 scale mail (worn)
 c - a +0 buckler (worn)
Scrolls
 f - a scroll of torment {unknown}
 g - a scroll of magic mapping {unknown}
 h - 3 scrolls of summoning {unknown}
 i - a scroll of silence {unknown}
 m - a scroll of teleportation {unknown}
Potions
 d - a potion of might
 e - a potion of heal wounds {unknown}
 j - a potion of magic {unknown}
 k - a potion of attraction {unknown}
 l - a potion of flight {unknown}


   Skills:
 + Level 4.3 Fighting
 + Level 2.9 Axes
 + Level 3.6 Armour
 + Level 0.1 Dodging
 + Level 3.5 Shields


You had 2 spell levels left.
You didn't know any spells.
Your spell library contained the following spells:

 Spells                   Type           Power      Damage    Failure   Level
 Inner Flame              Hex/Fire       0%         N/A       99%         3
 Cause Fear               Hex            0%         N/A       100%        4
 Discord                  Hex            0%         N/A       100%        8


Dungeon Overview and Level Annotations

Branches:
Dungeon (1/15)

Altars:


Message History

l - a puce potion You see here a bat corpse.
You see here 7 stones.
m - a scroll labelled YFU ZUUTAXKI Welcome back, Tenebris the Hill Orc Fighter.
Press ? for a list of commands and other information.
Welcome back, Tenebris the Hill Orc Fighter.
Press ? for a list of commands and other information.
Welcome back, Tenebris the Hill Orc Fighter.
Press ? for a list of commands and other information.
You don't know any spells.
You don't know any spells.
You don't know any spells.
You don't know any spells.
No target in view!
Unknown command.
Found 3 stones.
Key pressed, stopping explore.
Key pressed, stopping explore.
A quokka comes into view.
A quokka is nearby!
A quokka is nearby!
A quokka is nearby!
You hit the quokka.
The quokka is severely wounded.
The quokka barely misses you.
You hit the quokka.
You kill the quokka!
No target in view!
No target in view!
No target in view!
No target in view!
No target in view!
No target in view!
No target in view!
No target in view!
No target in view!
No target in view!
No target in view!
Are you sure you want to abandon this character and quit the game? (Confirm with "yes".)

#########. #.# #. #.# #. #.# ##
#) #.## .....# #. +..## ##.##^#
#######. #...### ##..##.#
#.......
#....##.#...##.######.#...#.
##....+....†@................
#+###.....##.#...#..######.#...#.
#........# #.##.##..# #.##....
#...†.# #........# #.......
#.....##########.## ####..##
#.###.....# #.# #..## #.#.#(..#.#
#.# #.... #.##.##...# #.# #.###
##...#.#...######.# #.###


There were no monsters in sight!

Vanquished Creatures
  A dart slug (D:1)
  2 ball pythons (D:1)
  A bat (D:1)
  An endoplasm (D:1)
  2 giant cockroaches (D:1)
  2 hobgoblins (D:1)
  3 jackals (D:1)
  A kobold (D:1)
  3 quokkas (D:1)
  A frilled lizard (D:1)
  4 goblins (D:1)
21 creatures vanquished.

Notes
Turn   | Place    | Note
-------+----------+-------------------------------------------
     0 | D:1      | Tenebris the Hill Orc Fighter began the quest for the Orb.
     0 | D:1      | Reached XP level 1. HP: 19/19 MP: 1/1
   229 | D:1      | Reached skill level 4 in Fighting
   232 | D:1      | Reached XP level 2. HP: 12/27 MP: 2/2
   602 | D:1      | Reached XP level 3. HP: 34/34 MP: 3/3
   738 | D:1      | Quit the game

Illustrated notes

Levels and vault maps discovered:
D:1:      eino_arrival_cavern_a, layout_loops_corners, columned_hall_lemuel,
          kennysheep_flooded_box, minmay_vboxes

Skill      XL: |  1 |
---------------+----+-----
Fighting       | 4 |  4.3
Axes           | |  2.9
Armour         | |  3.6
Dodging        | |  0.1
Shields        | |  3.5

Action                   || total
-------------------------++-------
Melee: War axe           ||    39
Armor: Scale mail        ||    12
Dodge: Dodged            ||    25
Block: Buckler           ||     9
